 Dungeon Crawl Stone Soup version 0.27-a0-1359-ga2a4dfd6fd (webtiles) character file.

Game seed: 3171220887045219833

2635 Tocho the Spear-Bearer (level 9, -10/72 (74) HPs)
             Began as a Merfolk Gladiator on June 28, 2021.
             Was an Initiate of Okawaru.
             Mangled by a white ugly thing (34 damage)
             ... on level 7 of the Dungeon.
             The game lasted 00:17:24 (7962 turns).

Tocho the Spear-Bearer (Merfolk Gladiator)          Turns: 7962, Time: 00:17:25

HP:   -10/72 (74)   AC:  7    Str: 28    XL:     9   Next: 61%
MP:   9/9           EV: 15    Int:  7    God:    Okawaru [......]
Gold: 102           SH:  4    Dex: 17    Spells: 8/8 levels left

rFire    . . .     SeeInvis .   a - +1 trident (flame)
rCold    . . .     Faith    .   l - +0 buckler
rNeg     . . .     Spirit   .   b - +0 leather armour
rPois    .         Reflect  .   m - +2 hat
rElec    .         Harm     .   o - scarf {repulsion}
rCorr    .         Rampage  .   B - +1 pair of gloves
Will     .....                  (no boots)
Stlth    +++.......             (no amulet)
HPRegen  0.22/turn              e - +6 ring of strength
MPRegen  0.11/turn              C - +6 ring of strength

@: lightly drained, repel missiles
A: (nimble swimmer 2), mertail
a: Renounce Religion


You were on level 7 of the Dungeon.
You worshipped Okawaru.
Okawaru was noncommittal.
You visited 2 branches of the dungeon, and saw 8 of its levels.

You collected 290 gold pieces.
You spent 188 gold pieces at shops.

Inventory:

Hand Weapons
 a - a +1 trident of flaming (weapon)
Missiles
 j - 172 stones
 k - 36 poisoned darts (quivered)
 v - 5 javelins
Armour
 b - a +0 leather armour (worn)
 c - a +0 helmet
 f - a +0 robe
 l - a +0 buckler (worn)
 m - a +2 hat (worn)
 o - a scarf of repulsion (worn)
 B - a +1 pair of gloves (worn)
Jewellery
 e - a +6 ring of strength (left hand)
 s - a +6 ring of strength
 w - a ring of fire
 x - a ring of resist corrosion
 C - a +6 ring of strength (right hand)
Wands
 d - a wand of charming (2)
Scrolls
 i - 2 scrolls of teleportation
 p - 3 scrolls of immolation
 u - a scroll of identify
 z - a scroll of noise {unknown}
 A - a scroll of vulnerability {unknown}
 D - a scroll of torment {unknown}
Potions
 g - a potion of heal wounds
 h - 2 potions of ambrosia
 n - a potion of berserk rage
 q - a potion of lignification
 r - a potion of brilliance
 t - 2 potions of curing


   Skills:
 * Level 7.9 Fighting
 + Level 11.7 Polearms
 + Level 3.8 Throwing
 + Level 7.2 Dodging
 + Level 5.0 Stealth
 + Level 1.3 Shields


You had 8 spell levels left.
You didn't know any spells.
Your spell library contained the following spells:

 Spells                   Type           Power      Damage    Failure   Level
 Animate Skeleton         Necr           0%         N/A       58%         1
 Apportation              Tloc           0%         N/A       58%         1
 Corona                   Hex            0%         N/A       58%         1
 Foxfire                  Conj/Fire      0%         2x1d4     58%         1
 Summon Small Mammal      Summ           0%         N/A       58%         1
 Ensorcelled Hibernation  Hex/Ice        0%         N/A       75%         2
 Confusing Touch          Hex            0%         N/A       92%         3
 Conjure Flame            Conj/Fire      0%         6-21      92%         3
 Dazzling Flash           Conj/Hex       0%         N/A       92%         3
 Inner Flame              Hex/Fire       0%         N/A       92%         3
 Tukima's Dance           Hex            0%         N/A       92%         3
 Sticky Flame             Conj/Fire      0%         2d3       100%        4
 Fireball                 Conj/Fire      0%         3d3       100%        5


Dungeon Overview and Level Annotations

Branches:
Dungeon (7/15)             Temple (1/1) D:6

Altars:
Ashenzari
Cheibriados
Dithmenos
Fedhas
Gozag
Hepliaklqana
Kikubaaqudgha
Nemelex Xobeh
Okawaru
Qazlal
Ru
Sif Muna
Trog
Uskayaw
Yredelemnul
Zin
The Shining One

Shops:
D:5 ?   D:7 *


Innate Abilities, Weirdness & Mutations

((You are quick and stealthy near water. (Stealth+, EV+, Speed+++)))
Your lower body shifts to a powerful aquatic tail in water.


Message History

Aim: a white ugly thing (64% to hit)
You throw a poisoned dart.
The poisoned dart hits the white ugly thing!
The white ugly thing is poisoned.
Throw: 40 darts (poison)
Press: ? - help, Q - select action, (/) - cycle Shift-Dir - straight line, f/p - white ugly thing
Aim: a white ugly thing (very poisoned, 64% to hit)
You throw a poisoned dart.
The poisoned dart closely misses the white ugly thing.
Throw: 39 darts (poison)
Press: ? - help, Q - select action, (/) - cycle Shift-Dir - straight line, f/p - white ugly thing
Aim: a white ugly thing (lightly wounded, very poisoned, 64% to hit)
You throw a poisoned dart.
The poisoned dart hits the white ugly thing.
The white ugly thing looks even sicker.
The white ugly thing is lightly wounded.
Throw: 38 darts (poison)
Press: ? - help, Q - select action, (/) - cycle Shift-Dir - straight line, f/p - white ugly thing
Aim: a white ugly thing (lightly wounded, very poisoned, 64% to hit)
You throw a poisoned dart.
The poisoned dart hits the white ugly thing.
The white ugly thing looks as sick as possible!
The white ugly thing is lightly wounded.
Your surroundings suddenly seem different.
The bullfrog misses you. The bullfrog hits you.
The white ugly thing headbutts you but does no damage.
Throw: 37 darts (poison)
Press: ? - help, Q - select action, (/) - cycle Shift-Dir - straight line, f/p - white ugly thing
Aim: a white ugly thing (moderately wounded, very poisoned, 64% to hit)
You throw a poisoned dart.
The poisoned dart hits the white ugly thing.
The white ugly thing looks as sick as possible!
The white ugly thing is moderately wounded.
The white ugly thing barely misses you.
Things that are here:
a +2 vorpal hand axe; a +0 robe You hit the white ugly thing.
You burn the white ugly thing.
The white ugly thing is severely wounded.
The white ugly thing headbutts you. The white ugly thing freezes you!!
You die...

.)..###.## #.....#### #...###.##
...####.# ##........##...###..#
.....##.## ##..##.#....#>.#.#....
......#..###..###.##......#......
......#..#...####..##............
.###.........# #.......)..#..##..
## ###......## #)...###†####..##.
#######....## #))..# #.# >.## .
#.#.####..######@##.###.#.##.# .
......#...##.#.#u##............ .
....#...........F##..#######...
........##...##o.#..##.....##..
....#.....#........##..##...##.
>.........###.....##)F.##....##
....#.....#....#..#.o#....((o.#
......#..##...##..#.###((####)#
#.#.#....#..####............ .o.


You could see a white ugly thing (very poisoned), a bullfrog and an orc priest.

Vanquished Creatures
  A kobold demonologist (D:5)
  Grinder (D:4)
  Duvessa (D:5)
  A sky beast (D:7)
  A black bear (D:5)
  2 ice beasts
  A necrophage (D:4)
  A centaur (D:7)
  2 ogres
  A phantom (D:4)
  A bullfrog (D:6)
  2 scorpions
  Dowan (D:5)
  6 wights (D:7)
  A howler monkey (D:4)
  A bullfrog zombie (D:5)
  3 hounds
  5 jellies
  A centaur skeleton (D:7)
  Ijyb (D:5)
  Natasha (D:2)
  2 iguanas
  4 orc wizards
  2 hound skeletons
  A howler monkey skeleton (D:7)
  13 adders
  A white imp (D:7)
  2 ufetubi
  An adder skeleton (D:2)
  2 worms
  16 orcs
  2 bats
  19 endoplasms
  3 giant cockroaches
  5 hobgoblins
  10 jackals
  14 kobolds
  2 quokkas (D:4)
  6 ball pythons
  3 frilled lizards
  2 goblins
  A quokka zombie (D:2)
  7 rats
153 creatures vanquished.

Vanquished Creatures (others)
  8 fungi (D:3)
  5 toadstools (D:3)
13 creatures vanquished.

Grand Total: 166 creatures vanquished

Notes
Turn   | Place    | Note
-------+----------+-------------------------------------------
     0 | D:1      | Tocho the Merfolk Gladiator began the quest for the Orb.
     0 | D:1      | Reached XP level 1. HP: 16/16 MP: 1/1
   198 | D:1      | Found a faded altar of an unknown god.
   386 | D:1      | Reached XP level 2. HP: 22/22 MP: 2/2
   872 | D:2      | Reached skill level 5 in Polearms
  1063 | D:2      | Reached XP level 3. HP: 28/28 MP: 3/3
  1554 | D:2      | Reached XP level 4. HP: 30/34 MP: 4/4
  1569 | D:2      | Reached skill level 5 in Dodging
  1631 | D:2      | Noticed Natasha
  1644 | D:2      | Killed Natasha
  1646 | D:2      | Reached skill level 6 in Polearms
  2605 | D:2      | Reached skill level 1 in Stealth
  2605 | D:2      | Reached XP level 5. HP: 40/40 MP: 5/5
  3625 | D:3      | Reached XP level 6. HP: 30/47 MP: 6/6
  3636 | D:3      | Found a shadowy altar of Dithmenos.
  3755 | D:3      | Found an ancient bone altar of Kikubaaqudgha.
  3991 | D:3      | Reached skill level 7 in Polearms
  4442 | D:4      | Reached XP level 7. HP: 40/54 MP: 7/7
  4639 | D:4      | Reached skill level 8 in Polearms
  5143 | D:4      | Noticed Grinder
  5288 | D:4      | Killed Grinder
  5289 | D:4      | Reached skill level 5 in Fighting
  5289 | D:4      | Reached skill level 9 in Polearms
  5289 | D:4      | Reached XP level 8. HP: 52/63 MP: 8/8
  5472 | D:5      | Entered Level 5 of the Dungeon
  5685 | D:5      | Noticed Ijyb
  5685 | D:5      | Noticed Dowan
  5740 | D:5      | Noticed a kobold demonologist
  5743 | D:5      | Noticed Duvessa
  5745 | D:5      | Noticed an orange demon
  5749 | D:5      | Killed a kobold demonologist
  5750 | D:5      | Reached skill level 10 in Polearms
  5761 | D:5      | Killed Duvessa
  5767 | D:5      | Killed Dowan
  5793 | D:5      | Killed Ijyb
  5794 | D:5      | Reached XP level 9. HP: 16/72 MP: 9/9
  6187 | D:5      | Found Gidibohavo's Magic Scroll Emporium.
  6199 | D:5      | Bought a scroll of blinking for 97 gold pieces
  6199 | D:5      | Bought a scroll of identify for 26 gold pieces
  6199 | D:5      | Bought a scroll of identify for 26 gold pieces
  6199 | D:5      | Bought a scroll of teleportation for 39 gold pieces
  6332 | D:5      | Reached skill level 11 in Polearms
  6445 | D:5      | Found a blossoming altar of Fedhas.
  6659 | D:6      | Reached skill level 1 in Shields
  6814 | D:6      | Found a staircase to the Ecumenical Temple.
  6824 | Temple   | Entered the Ecumenical Temple
  6924 | Temple   | Became a worshipper of Warmaster Okawaru
  7866 | D:7      | Found Zazos's General Store.
  7937 | D:7      | Noticed a white ugly thing
  7940 | D:7      | Reached skill level 5 in Stealth
  7962 | D:7      | Mangled by a white ugly thing

Illustrated notes

Levels and vault maps discovered:
D:1:      kilobyte_arrival_exit_the_forest, layout_basic,
          ebering_ecumenical_altar_abandoned
D:2:      minmay_alternating_diamond, layout_basic, serial_undead,
          serial_undead_c, serial_undead_a, serial_undead_c, serial_undead_e,
          uniq_natasha
D:3:      cheibrodos_fertilizer, layout_loops_ring, grunt_temple_overflow_open,
          serial_bayou_ford_a
D:4:      layout_basic, uniq_grinder
D:5:      layout_cave_pools, marbit_many_paths, serial_shops, shop, st_stairs_7,
          uniq_ijyb, uniq_duvessa
D:6:      layout_loops_ring, minmay_temple_entry_junction
D:7:      minmay_the_grid_octo_2x2 [minmay_the_grid_octo_tetromino_candy,
          minmay_the_grid_octo_pinwheel, minmay_the_grid_octo_toaster,
          minmay_the_grid_octo_prize_big_c], layout_cave_pools,
          overflow_temple_1_default, serial_shops, nicolae_shop_waterfront,
          kennysheep_minor_cross, st_stairs_4
Temple:   nicolae_temple_great_sept

Skill      XL: |  1  2  3  4  5  6  7  8  9 |
---------------+----------------------------+-----
Polearms       | 5 6 7 9 10 11 | 11.7
Dodging        | 5 6 7 |  7.2
Stealth        | 1 2 3 5 |  5.0
Fighting       | 3 4 5 7 |  7.9
Throwing       | 3 |  3.8
Shields        | 1 |  1.3

Action                   |  1- 3 |  4- 6 |  7- 9 || total
-------------------------+-------+-------+-------++-------
Melee: Trident           |    89 |   239 |   187 ||   515
Throw: Stone             |     6 |     3 |       ||     9
       Dart              |       |    23 |    27 ||    50
       Throwing net      |       |       |     6 ||     6
  Use: Scroll            |     2 |     5 |     5 ||    12
       Potion            |       |       |     2 ||     2
 Stab: Sleeping          |     2 |     7 |     6 ||    15
       Distracted        |       |       |     4 ||     4
       Held in net/web   |       |       |     2 ||     2
Armor: Robe              |    15 |    10 |       ||    25
       Leather armour    |       |    35 |    22 ||    57
       Skin              |       |       |    37 ||    37
Dodge: Dodged            |    51 |   131 |    75 ||   257
       Repelled          |       |       |     2 ||     2
Block: Buckler           |       |     1 |    26 ||    27

Table legend: (Time is in decaauts)
 A = Elapsed time spent in this place.
 B = Non-inter-level travel time spent in this place.
 C = Inter-level travel time spent in this place.
 D = Time resting spent in this place.
 E = Time spent auto-exploring this place.
 F = Levels seen in this place.
 G = Mean time per level.
                   A        B        C        D        E       F      G
               +--------+--------+--------+--------+--------+-----+--------+
         Total |   7912 |   7447 |    465 |   1324 |   4884 |   8 |  989.0 |
       Dungeon |   7797 |   7354 |    443 |   1324 |   4808 |   7 | 1113.9 |
        Temple |    115 |     93 |     22 |      0 |     76 |   1 |  115.0 |
               +--------+--------+--------+--------+--------+-----+--------+

Top non-repeatable levels by time:
     D:2: 1876 daAuts
     D:3: 1612 daAuts
     D:4: 1197 daAuts
     D:5: 1048 daAuts
     D:1: 766 daAuts
     D:6: 715 daAuts
     D:7: 580 daAuts
  Temple: 115 daAuts
